Unix NetHack Version 5.0.0-0 post-release - last build May 23 2026 06:08:33 (1c0ff79ee797540d5714e4e18072db0edd9e58ae,branch:main).

Game began 2026-05-19 15:54:16, ended 2026-05-26 20:52:51.

BitterJesus, lawful female human Samurai

   --------------------------------                    -------------------
    ........|.........*(..........|                    |`...........^....|
       ............)............|.---------------------|.---------------.|
         ..)-----*.-------------|......................-.|..........(.)..|
           ....|.....|..........|.---------------------|.|.{.----..-------
      $      ..|.....|..-------.|.-------------------- |.|...|---..-------
    $$        .......|..|     |......................|--.----|...........|
                ....[|..|     -----------------------|..)))).|---..-----.|
           $     ....|..------------------------------..-----|..|..|   |.|
                  ...|.).......)).*. ..............(....|(d@.|..|..|   |.|
           $       .-|..------------------------------..---T.|..|..----|.|
              * $  ..| .|...................*........|....|..-|-|.....||.|
   **         $     .|..|..........*.....)*...)....|.|....|.....|--...||.|
   **                |..|............<.............|...---|.|`--- |...||.|
                $    |..|.........................)|...| ---|`|   -----|.|
    *   $    $       |..---------------------------|...|--.--|----------.|
    $          $     |................*............|...|.................|
                     -----------------------------------------------------
BitterJesus the Kunoichi  St:16 Dx:15 Co:18 In:7 Wi:9 Ch:10  Lawful
Dlvl:12 $:181 HP:0(94) Pw:20(20) AC:-2 Xp:9/3488 T:8825  Burdened

Latest messages:
 You see here a leash.
 You swap places with Menace.
 The troll thrusts her elven dagger.
 The troll hits!
 The troll hits!
 The troll bites!
 You hit the troll!
 You hit the troll!
 The troll thrusts her elven dagger.
 The troll hits!
 The troll hits!
 The troll bites!
 You hit the troll.
 The troll thrusts her elven dagger.
 The troll hits!
 The troll misses!
 The troll bites!
 What do you want to drink? [nqstxK or ?*] ?
 You feel better.
 The troll thrusts her elven dagger.
 The troll hits!
 The troll hits!
 The troll bites!
 What do you want to drink? [nqstxK or ?*] K
 You feel better.
 The troll thrusts her elven dagger.
 The troll hits!
 The troll hits!
 The troll bites!
 The troll thrusts her elven dagger.
 The troll hits!
 The troll hits!
 The troll misses!
 You hit the troll!
 The troll thrusts her elven dagger.
 The troll hits!
 The troll hits!
 The troll misses!
 What do you want to zap? [bmV or ?*] ?
 Nothing happens.
 The troll thrusts her elven dagger.
 The troll misses!
 The troll misses!
 The troll bites!
 You die...
 Do you want your possessions identified? [ynq] (y) y
 Do you want to see your attributes? [ynq] (y) y
 Do you want an account of creatures vanquished? [ynaq] (y) n
 Do you want to see your conduct and achievements? [ynq] (y) n
 Do you want to see the dungeon overview? [ynq] (y) n

Inventory:
 Coins    ('$')
  $ - 181 gold pieces
 Weapons  (')')
  l - a +1 arrow
  w - 23 +0 arrows (in quiver)
  g - 7 poisoned +0 orcish arrows
  k - a +0 ya
  c - a +0 yumi (alternate weapon; not wielded)
  a - a corroded +0 katana (weapon in right hand)
 Armor    ('[')
  h - an uncursed +3 orcish helm (being worn)
  r - an uncursed +0 pair of iron shoes (being worn)
  y - an uncursed burnt +0 elven cloak (being worn)
  e - an uncursed rustproof +0 splint mail (being worn)
 Comestibles  ('%')
  p - an uncursed slime mold
  u - 3 uncursed gunyoki
  v - an uncursed tripe ration
 Potions  ('!')
  s - an uncursed potion of healing
  K - a cursed potion of healing
  n - an uncursed potion of object detection
  x - a cursed potion of object detection
  t - a blessed potion of sake
  q - 5 uncursed potions of sake
 Rings    ('=')
  j - an uncursed ring of polymorph control (on left hand)
 Wands    ('/')
  m - a wand of digging (0:4)
  b - a wand of digging (0:0)
  V - a wand of lightning (0:0)
 Tools    ('(')
  i - a magic flute (0:3)
  f - an uncursed blindfold
  z - an uncursed osaku
  S - a +0 unicorn horn
 Gems/Stones  ('*')
  o - an uncursed luckstone
  D - a cursed touchstone

BitterJesus the Samurai's attributes:

Background:
 You were a Kunoichi, a level 9 female human Samurai.
 You were lawful, on a mission for Amaterasu Omikami
 who was opposed by Raijin (neutral) and Susanowo (chaotic).
 You were right-handed.
 You were in the Gnomish Mines, on level 12.
 You entered the dungeon 8825 turns ago.
 You had 3488 experience points, 1632 more were needed to attain level 10.

Basics:
 You had 0 out of 94 hit points.
 You had all 20 energy points (spell power).
 Your armor class was -2.
 Your wallet contained 181 zorkmids.
 Autopickup was off.

Final Characteristics:
 Your strength was 16 (limit:18/100).
 Your dexterity was 15 (limit:18).
 Your constitution was 18 (limit:18).
 Your intelligence was 7 (peak:10, limit:18).
 Your wisdom was 9 (limit:18).
 Your charisma was 10 (limit:18).

Final Status:
 You weren't hungry.
 You were burdened; movement was slightly slowed.
 You were wielding a long sword.
 You had expert skill with long sword.

Final Attributes:
 You were piously aligned.
 You were cold resistant.
 You were telepathic.
 You were stealthy.
 You were warded.
 You had polymorph control.
 You were fast.
 You were lucky.
 You had extra luck.
 Bad luck did not time out for you.
 Good luck did not time out for you.
 You are dead.

Miscellaneous:
 You encountered 1 bones level.
 Total elapsed playing time was 2 hours and 8 minutes.

Major events:
 Turn
    1: BitterJesus the lawful female human Samurai entered the dungeon
  952: attained the rank of Ronin (level 3)
 1912: entered the Gnomish Mines
 2348: attained the rank of Kunoichi (level 6)
 3874: reached Mine Town
 8825: killed by a troll

You didn't know any spells.

Skills:
 Fighting Skills
   martial arts      [Basic]
   two weapon combat [Unskilled]
   riding            [Unskilled]
 Weapon Skills
   dagger            [Unskilled]
   knife             [Unskilled]
   short sword       [Basic]
   broadsword        [Unskilled]
   long sword        [Expert]
   two-handed sword  [Unskilled]
   saber             [Unskilled]
   flail             [Unskilled]
   quarterstaff      [Unskilled]
   polearms          [Unskilled]
   spear             [Unskilled]
   lance             [Unskilled]
   bow               [Skilled]
   shuriken          [Unskilled]
 Spellcasting Skills
   attack spells     [Unskilled]
   divination spells [Unskilled]
   clerical spells   [Unskilled]

Voluntary challenges:
 Character rerolling was not enabled.
 You never genocided any monsters.
 You never polymorphed an object.
 You never changed form.
 You used no wishes.
Achievements:
 You attained the rank of Ronin.
 You entered the Gnomish Mines.
 You attained the rank of Kunoichi.
 You entered Minetown.
 You entered a shop.
 You entered a temple.

 The Dungeons of Doom: levels 1 to 5
    Level 1:
       An altar.
    Level 2:
       An altar to Amaterasu Omikami, a fountain.
    Level 3:
    Level 4:
       Stairs down to The Gnomish Mines.
    Level 5:
 The Gnomish Mines: levels 5 to 12
    Level 5:
    Level 6:
    Level 7:
    Level 8:
       Many shops, a temple and an altar, many fountains, a grave.
       Final resting place for
          Nestorix-Arc-Hum-Fem-Law, killed by a plains centaur.
    Level 9:
    Level 10:
    Level 11:
    Level 12: <- You were here.
       A fountain.
       Final resting place for
          you, killed by a troll.


Vanquished creatures:
  a ghost
  a fire elemental
  2 wargs
 an ettin mummy
  a wood golem
  a flaming sphere
  a shocking sphere
  a large cat
  2 ochre jellies
  2 leocrottas
  a mountain centaur
  a stone giant
  a Grey-elf
  3 watchmen
  a crocodile
  2 giant beetles
  3 quivering blobs
  3 wolves
  2 leprechauns
 an iron piercer
  a mumak
  a giant spider
  a gnome ruler
  2 yetis
  a Green-elf
  a lizard
  2 jaguars
  a dwarf leader
  a gray unicorn
  a black unicorn
  a dust vortex
  a raven
  3 plains centaurs
  a rope golem
  a Woodland-elf
  a fire ant
  2 bugbears
 an imp
  a wood nymph
  2 water nymphs
  a mountain nymph
  4 Uruk-hai
  2 rock piercers
  a rock mole
  2 ponies
  3 yellow lights
  a shrieker
 15 gnome leaders
  4 gnomish wizards
  2 gray oozes
  a barrow wight
  3 elf zombies
  2 ghouls
  a straw golem
  5 giant ants
  a little dog
  3 floating eyes
 11 dwarves
  3 homunculi
  3 kobold leaders
  a kobold shaman
  7 hill orcs
  a rabid rat
  5 orc zombies
  5 dwarf zombies
  3 wererats
  6 iguanas
  3 killer bees
 an acid blob
  a coyote
  2 gas spores
  3 hobbits
 15 manes
  a large kobold
  a hobgoblin
 10 giant rats
  2 cave spiders
  2 brown molds
  a red mold
 65 gnomes
  a gnome zombie
  4 geckos
  3 jackals
  3 foxes
  a kobold
  a goblin
 12 grid bugs
  3 bats
  6 lichens
  3 kobold zombies
  5 newts
302 creatures vanquished.

No species were genocided or became extinct.

Game over:
                       ----------
                      /          \
                     /    REST    \
                    /      IN      \
                   /     PEACE      \
                  /                  \
                  |   BitterJesus    |
                  |      181 Au      |
                  |   killed by a    |
                  |      troll       |
                  |                  |
                  |                  |
                  |       2026       |
                 *|     *  *  *      | *
        _________)/\\_//(\/(/\)/\//\/|_)_______

Sayonara BitterJesus the Samurai...

You died in The Gnomish Mines on dungeon level 12 with 14815 points,
and 181 pieces of gold, after 8825 moves.
You were level 9 with a maximum of 94 hit points when you died.

